 Dungeon Crawl Stone Soup version 0.30-a0-218-gedb9141078 (webtiles) character file.

Game seed: 11238078061847875300

200 Iusername the Covered (level 5, -1/43 (47) HPs)
             Began as a Minotaur Fighter on Oct 5, 2022.
             Slain by a vampire (7 damage)
             ... created by the anger of Yredelemnul
             ... on level 3 of the Dungeon.
             The game lasted 00:03:16 (6594 turns).

Iusername the Covered (Minotaur Fighter)            Turns: 6594, Time: 00:03:18

HP:   -1/43 (47)    AC:  8    Str: 23    XL:     5   Next: 48%
MP:   4/4           EV: 10    Int:  9    God:
Gold: 157           SH:  4    Dex:  9    Spells: 4/4 levels left

rFire   . . .      SeeInvis +    s - +4 hand axe of Falualal {elec, Will+++ Int+4 SInv Stlth-}
rCold   . . .      Faith    .    c - +0 buckler
rNeg    . . .      Spirit   .    b - +0 scale mail
rPois   .          Reflect  .    (helmet restricted)
rElec   .          Harm     .    n - +0 cloak
rCorr   .          Rampage  .    (no gloves)
Will    +++..                    (no boots)
Stlth   ..........               (no amulet)
HPRegen 0.27/turn                (no ring)
MPRegen 0.09/turn                (no ring)

@: drained
A: horns 2, retaliatory headbutt
a: no special abilities


You were on level 3 of the Dungeon.
You visited 1 branch of the dungeon, and saw 3 of its levels.

You collected 157 gold pieces.

Inventory:

Hand Weapons
 a - a +0 trident
 s - the +4 hand axe of Falualal (weapon) {elec, Will+++ Int+4 SInv Stlth-}
   (You found it on level 3 of the Dungeon)

   It occasionally discharges a powerful burst of electricity upon striking a
   foe.
   Int:       It affects your intelligence (+4).
   SInv:      It lets you see invisible.
   Will:      It greatly increases your willpower.
   Stlth:     It makes you less stealthy.
Armour
 b - a +0 scale mail (worn)
 c - a +0 buckler (worn)
 n - a +0 cloak (worn)
 u - a +0 pair of boots
Jewellery
 f - a ring of fire
Wands
 d - a wand of polymorph (4)
 p - a wand of roots (10)
 r - a wand of flame (3)
Scrolls
 g - 3 scrolls of enchant weapon {unknown}
 h - 3 scrolls of identify {unknown}
 j - a scroll of immolation {unknown}
 l - 3 scrolls of noise {unknown}
 m - a scroll of magic mapping {unknown}
 o - 3 scrolls of teleportation {unknown}
Potions
 e - 3 potions of brilliance {unknown}
 i - 2 potions of lignification {unknown}
 k - 5 potions of curing {unknown}
 q - 2 potions of heal wounds {unknown}
 t - a potion of degeneration {unknown}
 v - a potion of attraction {unknown}


   Skills:
 + Level 4.3 Fighting
 + Level 0.8(3.0) Axes
 + Level 4.7(4.8) Polearms
 + Level 4.7 Armour
 + Level 1.8 Dodging
 + Level 0.2 Stealth
 + Level 4.0 Shields


You had 4 spell levels left.
You didn't know any spells.
Your spell library contained the following spells:

 Spells                   Type           Power      Damage    Failure   Level
 Dazzling Flash           Conj/Hex       0%         N/A       98%         3
 Ignite Poison            Fire/Tmut/Pois 0%         N/A       98%         3
 Kindle Blastsparks       Fire/Tloc/Air  0%         2d10      98%         3
 Animate Armour           Summ/Erth      0%         N/A       100%        4
 Agony                    Necr           0%         N/A       100%        5
 Blade Hands              Tmut           0%         N/A       100%        5
 Freezing Cloud           Conj/Ice/Air   0%         6-21      100%        5
 Silence                  Hex/Air        0%         N/A       100%        5
 Iron Shot                Conj/Erth      0%         9d1       100%        6


Dungeon Overview and Level Annotations

Branches:
Dungeon (3/15)

Altars:
Kikubaaqudgha
Yredelemnul


Innate Abilities, Weirdness & Mutations

You have a pair of horns on your head.
You reflexively headbutt those who attack you in melee.


Message History

You start resting.
You feel less confused.
You start resting.
HP restored.
You start waiting.
Yredelemnul sends servants to punish you. 2 vampires come into view.
There are monsters nearby!
You hit the vampire.
The vampire is lightly damaged.
The vampire hits you but does no damage.
The vampire bites you.
The vampire draws strength from your injuries!
You hit the vampire. You headbutt the vampire.
The vampire is lightly damaged.
The vampire hits you!
The vampire bites you but does no damage.
You hit the vampire.
You headbutt the vampire, but do no damage.
The vampire is moderately damaged.
You completely miss the vampire. The vampire barely misses you. x2
You block the vampire's attack. The vampire closely misses you.
You hit the vampire. You headbutt the vampire.
The vampire is heavily damaged.
You hit the vampire. The vampire barely misses you.
The vampire bites you but does no damage.
The vampire hits you! You block the vampire's attack.
You slash the vampire! Your headbutt misses the vampire.
The vampire is almost destroyed.
You barely miss the vampire.
The vampire hits you but does no damage.
The vampire bites you!
The vampire draws strength from your injuries!
The vampire closely misses you. The vampire bites you.
* * * LOW HITPOINT WARNING * * *
The vampire draws strength from your injuries!
The vampire hits you.
* * * LOW HITPOINT WARNING * * *
The vampire bites you!
You die...

## ### #####.####.##
.....[...#.##
##......###.###########
)#.......####.##.......#
..........#
##...#####.##
#..)....####........)...
##.....V###..########.##
##....@V#.#.#
###.#.##.##.####
#...#.##.......#
##.#......##.##.#
.#.........##.##.#
...........##.##.#
##........###.##.#
##.#.....# #.##.#
#.###†### #.##.#


You could see 2 vampires.

Vanquished Creatures
  A necrophage (D:2)
  Jessica (D:3)
  Natasha (thrice) (D:2)
  A howler monkey zombie (D:2)
  5 adders
  A worm (D:3)
  A dart slug (D:2)
  An orc (D:3)
  6 bats
  5 endoplasms
  2 giant cockroaches (D:1)
  3 hobgoblins
  5 kobolds
  2 quokkas (D:1)
  10 ball pythons
  2 frilled lizards (D:1)
  A goblin (D:2)
  6 rats
56 creatures vanquished.

Notes
Turn   | Place    | Note
-------+----------+-------------------------------------------
     0 | D:1      | Iusername the Minotaur Fighter began the quest for the Orb.
     0 | D:1      | Reached XP level 1. HP: 19/19 MP: 0/0
   100 | D:1      | Reached XP level 2. HP: 27/27 MP: 1/1
   480 | D:1      | Found a faded altar of an unknown god.
   733 | D:1      | Prayed at the altar of an unknown god.
   733 | D:1      | Became a worshipper of Yredelemnul the Dark
   733 | D:1      | Reached * piety under Yredelemnul
   734 | D:1      | Fell from the grace of Yredelemnul
  4988 | D:1      | Glimpsed the power of Zot.
  4996 | D:2      | Reached XP level 3. HP: 33/33 MP: 2/2
  5142 | D:2      | Noticed Natasha
  5150 | D:2      | Killed Natasha
  5260 | D:2      | Noticed Natasha
  5270 | D:2      | Killed Natasha
  5271 | D:2      | Reached XP level 4. HP: 38/40 MP: 3/3
  5602 | D:2      | Noticed a necrophage
  5612 | D:2      | Killed a necrophage
  5684 | D:2      | Noticed Natasha
  5691 | D:2      | Killed Natasha
  5692 | D:2      | Reached skill level 1 in Dodging
  5954 | D:3      | Reached XP level 5. HP: 47/47 MP: 4/4
  6060 | D:3      | Identified the +4 hand axe of Falualal {elec, Will+++ Int+4
                  | SInv Stlth-}
  6144 | D:3      | Found an ancient bone altar of Kikubaaqudgha.
  6160 | D:3      | Noticed Jessica
  6164 | D:3      | Killed Jessica
  6589 | D:3      | Noticed a vampire
  6589 | D:3      | Noticed a vampire
  6594 | D:3      | Slain by a vampire

Illustrated notes

Levels and vault maps discovered:
D:1:      nicolae_arrival_somewhat_less_tricky_arrival, layout_basic,
          basic_ecumenical_altar
D:2:      layout_basic, chequers_jeans, due_unseen_surprise, uniq_natasha
D:3:      layout_loops_ring, mainiacjoe_overflow_six_doors_small,
          nicolae_hepliaklqana_ecumenical_no_more, grunt_ministairs_6,
          columned_hall_lemuel, grunt_decor_mini_mirrors, uniq_jessica

Skill      XL: |  1  2  3  4 |
---------------+-------------+-----
Fighting       | 4 |  4.3
Armour         | 4 |  4.7
Shields        | 4 |  4.0
Polearms       | 3 4 |  4.7
Dodging        | 1 |  1.8
Axes           | |  0.8
Stealth        | |  0.2

Action                   |  1- 3 |  4- 6 || total
-------------------------+-------+-------++-------
Melee: Trident           |    83 |    35 ||   118
       Headbutt          |     5 |     8 ||    13
       Unarmed           |     2 |       ||     2
       Hand axe          |       |    29 ||    29
Invok: Renounce Religion |     1 |       ||     1
  Use: Potion            |       |     1 ||     1
Armor: Scale mail        |    20 |    27 ||    47
Dodge: Dodged            |    24 |    27 ||    51
Block: Buckler           |    11 |    18 ||    29

Table legend: (Time is in decaauts)
 A = Elapsed time spent in this place.
 B = Non-inter-level travel time spent in this place.
 C = Inter-level travel time spent in this place.
 D = Time resting spent in this place.
 E = Time spent auto-exploring this place.
 F = Levels seen in this place.
 G = Mean time per level.
                   A        B        C        D        E       F      G
               +--------+--------+--------+--------+--------+-----+--------+
         Total |   6625 |   6558 |     67 |   4374 |   1758 |   3 | 2208.3 |
       Dungeon |   6625 |   6558 |     67 |   4374 |   1758 |   3 | 2208.3 |
               +--------+--------+--------+--------+--------+-----+--------+

Top non-repeatable levels by time:
     D:1: 5001 daAuts
     D:2: 876 daAuts
     D:3: 747 daAuts
